 Dungeon Crawl Stone Soup version 0.23-a0-57-gd13e5294dc (webtiles) character file.

6882 Oravi the Destroyer (level 11, 0/67 HPs)
             Began as a Tengu Air Elementalist on Aug 9, 2018.
             Was a Priest of Vehumet.
             Slain by a rakshasa (illusionary)
             ... wielding a +0 long sword
              (14 damage)
             ... on level 9 of the Dungeon.
             The game lasted 01:07:04 (10629 turns).

Oravi the Destroyer (Tengu Air Elementalist)       Turns: 10629, Time: 01:07:04

Health: 0/67       AC: 13    Str:  9    XL:     11   Next: 6%
Magic:  7/22       EV: 19    Int: 19    God:    Vehumet [***...]
Gold:   551        SH:  0    Dex: 14    Spells: 11/24 levels left

rFire    . . .     SeeInvis .   o - staff of air
rCold    + . .     Gourm    .   (no shield)
rNeg     . . .     Faith    .   M - +3 leather armour
rPois    .         Spirit   .   J - +1 hat
rElec    +         Reflect  .   T - scarf {repulsion}
rCorr    .         Harm     .   i - +2 pair of gloves
MR       .....                  (boots unavailable)
Stlth    ++........             n - amulet of the acrobat
HPRegen  0.21/turn              x - +2 ring of protection
MPRegen  0.18/turn              O - ring "Ubuclufi" {+Fly rC+ EV+3}

@: very slightly contaminated, repel missiles
A: beak, talons 3, able to fly 1
a: Fly, Renounce Religion, Evoke Flight


You were on level 9 of the Dungeon.
You worshipped Vehumet.
Vehumet was most pleased with you.
You were hungry.

You visited 1 branch of the dungeon, and saw 9 of its levels.

You collected 551 gold pieces.

Inventory:

Hand Weapons
 d - a +0 dagger
 f - a +1 dagger of venom
 q - a +3 spear of freezing
 t - a +0 short sword
 w - a +0 hand axe
 Q - a +2 whip of electrocution
Missiles
 b - 193 stones (quivered)
 s - 11 poisoned needles
 K - 7 tomahawks
Armour
 a - a +0 robe
 i - a +2 pair of gloves (worn)
 u - a +0 cloak
 v - a +0 ring mail
 y - a +1 ring mail of cold resistance
 C - a +0 pair of gloves
 J - a +1 hat (worn)
 M - a +3 leather armour (worn)
 T - a scarf of repulsion (worn)
Magical Staves
 o - an uncursed staff of air (weapon)
Jewellery
 n - an amulet of the acrobat (around neck)
 x - a +2 ring of protection (left hand)
 H - an uncursed amulet of the gourmand {unknown}
 O - the ring "Ubuclufi" (right hand) {+Fly rC+ EV+3}
   (You found it on level 8 of the Dungeon)

   [ring of evasion]

   It affects your evasion (+3).
   It protects you from cold.
   It lets you fly.
 R - an uncursed ring of stealth
Wands
 D - a wand of random effects (6)
 L - a wand of iceblast (14)
 N - a wand of polymorph (6)
 P - a wand of flame (22)
Scrolls
 e - a scroll of amnesia
 g - 2 scrolls of immolation
 k - 4 scrolls of teleportation
 l - 3 scrolls of remove curse
 r - 2 scrolls of enchant armour
 S - a scroll of identify
 U - a scroll of fear
Potions
 h - a potion of invisibility {unknown}
 j - 5 potions of curing
 m - 2 potions of berserk rage
 p - 2 potions of agility
 z - 3 potions of haste
 A - a potion of mutation
 E - a potion of flight
 F - a potion of might {unknown}
 G - 3 potions of cancellation {unknown}
 I - a potion of brilliance {unknown}
Comestibles
 c - 16 rations


   Skills:
 + Level 7.0 Fighting
 + Level 7.7 Armour
 + Level 8.1 Dodging
 - Level 2.0 Stealth
 + Level 7.1 Spellcasting
 + Level 9.8 Conjurations
 - Level 6.0 Air Magic


You had 11 spell levels left.
You knew the following spells:

 Your Spells              Type           Power        Failure   Level  Hunger
a - Shock                 Conj/Air       ####         1%          1    None
b - Swiftness             Chrm/Air       ####....     6%          2    None
c - Static Discharge      Conj/Air       ######..     1%          3    #......
d - Lightning Bolt        Conj/Air       ######....   4%          5    #####..
e - Blink                 Tloc           N/A          21%         2    None

Your spell library contained the following spells:

 Spells                   Type           Power        Failure   Level  Hunger
 Apportation              Tloc           #.....       13%         1    None
 Confuse                  Hex            #.......     36%         3    #......
 Teleport Other           Tloc           #.......     36%         3    #......
 Summon Small Mammal      Summ           #...         13%         1    None
 Animate Skeleton         Necr           N/A          13%         1    None
 Tukima's Dance           Hex            #.......     36%         3    #......
 Spider Form              Tmut/Pois      #.........   36%         3    #......
 Blade Hands              Tmut           #.........   98%         5    #####..
 Ice Form                 Ice/Tmut       #.......     78%         4    ###....
 Airstrike                Air            #####.....   3%          4    ###....
 Confusing Touch          Hex            #.....       13%         1    None
 Sticks to Snakes         Tmut           #.......     21%         2    None
 Ensorcelled Hibernation  Hex/Ice        #.....       21%         2    None
 Metabolic Englaciation   Hex/Ice        #.........   98%         5    #####..
 Corona                   Hex            #......      13%         1    None
 Petrify                  Tmut/Erth      #.......     78%         4    ###....
 Passage of Golubria      Tloc           N/A          78%         4    ###....
 Shroud of Golubria       Chrm/Tloc      #.........   21%         2    None
 Beastly Appendage        Tmut           #.....       13%         1    None
 Dazzling Spray           Conj/Hex       ####..       1%          3    #......
 Gell's Gravitas          Tloc           #.........   36%         3    #......
 Yara's Violent Unravell  Hex/Tmut       #.........   63%         5    #####..
 Lesser Beckoning         Tloc           #.........   36%         3    #......


Dungeon Overview and Level Annotations

Branches:
Dungeon (9/15)             Temple (0/1) D:6             Orc (0/2) D:9
   Lair: D:8-11

Altars:
Dithmenos
Fedhas
Hepliaklqana
Kikubaaqudgha
Qazlal
Ru
Sif Muna
Trog
Uskayaw
Vehumet
Wu Jian
The Shining One

Annotations:
D:2 1 runed door
D:6 exclusion: sky beast
D:9 Erica


Innate Abilities, Weirdness & Mutations

You have a beak for a mouth.
You have claws for feet.
You can fly.


Message History

You are very lightly contaminated with residual magic.
Nothing appears to happen.
The rakshasa barely misses you. The rakshasa closely misses you.
The rakshasa barely misses you.
Casting: Blink (safe; 21% risk of failure)
Confirm with . or Enter, or press ? or * to list all spells.
You feel a surge of power!
The rakshasa is struck by lightning.
The rakshasa is severely wounded.
The lightning grounds out.
The rakshasa is struck by lightning.
The rakshasa is almost dead.
The lightning arcs!
You are struck by lightning.
You resist.
The lightning arcs!
The rakshasa is struck by lightning.
The rakshasa is severely wounded.
The lightning arcs!
You are struck by lightning.
You resist.
* * * LOW HITPOINT WARNING * * *
The lightning grounds out.
The rakshasa is struck by lightning.
The rakshasa is severely wounded.
The lightning grounds out.
The rakshasa closely misses you. The rakshasa misses you.
The rakshasa hits you with a long sword!
You die...

........##.......#.##### #.#
####.#.................##### #.#
####.#.....................# #.#
.....#...........##........####))
.....#...........##.............#
.....#...........# ###'#..###...#
.....#...........#####.#..###.###
.....#.....>..≈R.....†...##..#..#
.....#........≈R@.####..##..###..
................R.# ##.##..#####.
.................≈# #..#..#.#.###
..................# #..#.###...##
.##.#.............# #..[###..#..#
.##...)...........# #..#.###...##
.##.#....#...###..# #..#..###.###
.........#.#.# #..# #..##..#####.
.........#.#.# #..# #...##..# #..


You could see 3 rakshasas.

Vanquished Creatures
  An unseen horror (D:7)
  Pikel (D:9)
  A manticore (D:9)
  An elephant (D:9)
  Maurice (D:8)
  A troll (D:9)
  A hippogriff (D:9)
  A basilisk (D:9)
  A yak (D:8)
  A human (D:7)
  4 hogs (D:7)
  A warg (D:9)
  Duvessa (D:6)
  A sky beast (D:7)
  5 orc warriors
  A black bear (D:7)
  A necrophage (D:9)
  A phantom (D:8)
  3 ogres
  3 centaurs
  A crocodile (D:9)
  3 bullfrogs
  2 gnoll sergeants (D:8)
  Dowan (D:6)
  3 scorpions
  2 howler monkeys
  4 crimson imps
  2 bullfrog zombies
  A centaur zombie (D:7)
  3 hounds
  3 jellies
  3 orc priests
  A bullfrog skeleton (D:5)
  A gnoll shaman (D:8)
  4 iguanas
  7 orc wizards
  4 worker ants
  A howler monkey skeleton (D:5)
  14 gnolls
  6 adders
  A shadow imp (D:4)
  2 adder skeletons
  4 worms
  A dart slug (D:2)
  4 leopard geckos
  34 orcs
  6 bats
  4 giant cockroaches
  5 goblins
  7 hobgoblins
  18 jackals
  3 quokkas
  4 ball pythons
  A ball python skeleton (D:4)
  4 frilled lizards
  2 jackal skeletons
  4 kobolds
  A leopard gecko zombie (D:7)
  A quokka skeleton (D:4)
  4 rats
207 creatures vanquished.

Vanquished Creatures (others)
  A hornet (D:9)
  2 slaves (D:9)
3 creatures vanquished.

Grand Total: 210 creatures vanquished

Notes
Turn   | Place    | Note
-------+----------+-------------------------------------------
     0 | D:1      | Oravi the Tengu Air Elementalist began the quest for the Orb.
     0 | D:1      | Reached XP level 1. HP: 10/10 MP: 4/4
   373 | D:1      | Reached XP level 2. HP: 15/15 MP: 4/6
   382 | D:1      | Reached skill level 2 in Conjurations
  1026 | D:2      | Found a runed door.
  1078 | D:2      | Reached XP level 3. HP: 19/19 MP: 2/7
  2010 | D:3      | Reached XP level 4. HP: 24/24 MP: 9/9
  2066 | D:3      | Learned a level 2 spell: Swiftness
  2070 | D:3      | Learned a level 3 spell: Static Discharge
  2304 | D:3      | Reached skill level 3 in Conjurations
  2307 | D:3      | Reached skill level 5 in Air Magic
  2422 | D:3      | Gained mutation: You can fly. [Tengu growth]
  2422 | D:3      | Reached XP level 5. HP: 28/28 MP: 2/10
  2783 | D:3      | Found a faded altar of an unknown god.
  2870 | D:4      | Reached skill level 1 in Fighting
  2870 | D:4      | Reached skill level 1 in Armour
  3206 | D:4      | Reached XP level 6. HP: 34/34 MP: 6/11
  3490 | D:4      | Found a sacrificial altar of Ru.
  3502 | D:4      | Reached skill level 4 in Conjurations
  3625 | D:4      | Found an ornate altar of the Wu Jian Council.
  3625 | D:4      | Found a stormy altar of Qazlal.
  3626 | D:4      | Found a radiant altar of Vehumet.
  3643 | D:4      | Became a worshipper of Vehumet
  4034 | D:4      | Reached XP level 7. HP: 27/40 MP: 13/13
  4407 | D:5      | Entered Level 5 of the Dungeon
  4430 | D:5      | Found a blossoming altar of Fedhas.
  4955 | D:5      | Reached skill level 5 in Conjurations
  5151 | D:5      | Found an ancient bone altar of Kikubaaqudgha.
  5152 | D:5      | Found a glowing golden altar of the Shining One.
  5153 | D:5      | Found a hide-covered altar of Uskayaw.
  5576 | D:6      | Found a hide-covered altar of Uskayaw.
  5592 | D:6      | Noticed Dowan
  5594 | D:6      | Noticed Duvessa
  5630 | D:6      | Killed Duvessa
  5630 | D:6      | Reached XP level 8. HP: 46/46 MP: 7/15
  5639 | D:6      | Killed Dowan
  5903 | D:6      | Found a staircase to the Ecumenical Temple.
  6098 | D:7      | Found a shadowy altar of Dithmenos.
  6133 | D:7      | Reached skill level 5 in Dodging
  6133 | D:7      | Reached skill level 6 in Conjurations
  6234 | D:7      | Reached * piety under Vehumet
  6234 | D:7      | Offered knowledge of Sting by Vehumet.
  6234 | D:7      | Reached skill level 5 in Spellcasting
  6234 | D:7      | Reached XP level 9. HP: 45/52 MP: 2/17
  6375 | D:7      | Found a hazy altar of Hepliaklqana.
  6544 | D:7      | Reached skill level 5 in Armour
  6656 | D:7      | Found a flagged portal.
  6867 | D:7      | Killed an unseen horror
  6867 | D:7      | Reached skill level 5 in Fighting
  6867 | D:7      | Reached skill level 7 in Conjurations
  7489 | D:8      | Got a steaming ivory ring
  7490 | D:8      | Identified the ring "Ubuclufi" {+Fly rC+ EV+3} (You found it on level 8 of the Dungeon)
  7517 | D:8      | Found a bloodstained altar of Trog.
  7807 | D:8      | Found a deep blue altar of Sif Muna.
  7836 | D:8      | Reached ** piety under Vehumet
  7836 | D:8      | Offered knowledge of Searing Ray by Vehumet.
  7836 | D:8      | Reached skill level 8 in Conjurations
  7997 | D:8      | Reached XP level 10. HP: 60/60 MP: 2/20
  8846 | D:9      | Offered knowledge of Throw Flame by Vehumet.
  9022 | D:9      | Found a staircase to the Orcish Mines.
  9156 | D:9      | Noticed an elephant
  9247 | D:9      | Noticed Maurice
  9256 | D:9      | Killed an elephant
  9428 | D:8      | Killed Maurice
  9428 | D:8      | Reached skill level 9 in Conjurations
  9569 | D:9      | Noticed Pikel
  9577 | D:9      | Killed Pikel
  9577 | D:9      | Reached *** piety under Vehumet
  9679 | D:9      | Noticed Erica
  9902 | D:9      | Learned a level 2 spell: Blink
  9908 | D:9      | Learned a level 5 spell: Lightning Bolt
  9926 | D:9      | Noticed a manticore
  9926 | D:9      | Noticed a rakshasa
 10324 | D:9      | Reached XP level 11. HP: 66/66 MP: 13/22
 10579 | D:9      | Killed a manticore
 10629 | D:9      | Slain by a rakshasa (illusionary)

Vault maps used:
D:1:      minmay_arrival_shattered_statue, fountainhead, lemuel_flame_loot_1
D:2:      uniq_crazy_yiuf_cottage
D:3:      chequers_ecumenical_altar_twisty
D:4:      minitemple, nicolae_ru_great_annihilating_truth, first_ration,
          serial_bayou_lake_a
D:5:      fedhas_altar_3, gammafunk_temple_overflow_claw, grunt_decor_one_mirror
D:6:      minmay_temple_entry_grid, basic_altar, uniq_duvessa
D:7:      kennysheep_little_box, overflow_temple_1_default, enter_bailey_8,
          grunt_livestock
D:8:      nicolae_overflow_crystal_walls, trog_three_pillars_becter
D:9:      minmay_the_grid_octo_triangle, lemuel_coloured_pillars_altar,
          david_lair_generic, david_orc_3, basic_altar, minivault_26,
          uniq_maurice, uniq_erica, uniq_pikel

Skill      XL: |  1  2  3  4  5  6  7  8  9 10 11 |
---------------+----------------------------------+-----
Conjurations   | 2 3 4 5 6 8 9 |  9.8
Air Magic      | 5 6 |  6.0
Fighting       | 1 2 3 4 5 6 7 |  7.0
Armour         | 1 2 3 4 6 7 |  7.7
Spellcasting   | 3 4 5 6 7 |  7.1
Dodging        | 3 4 5 6 8 |  8.1
Stealth        | |  2.0

Action                   |  1- 3 |  4- 6 |  7- 9 | 10-12 || total
-------------------------+-------+-------+-------+-------++-------
Melee: Spear             |     4 |   103 |    29 |       ||   136
       Dagger            |     2 |       |     5 |    25 ||    32
       Peck              |     1 |    10 |     7 |     5 ||    23
       Kick              |       |     9 |     6 |     9 ||    24
       Staff             |       |       |     5 |     6 ||    11
       Whip              |       |       |     2 |       ||     2
Throw: Stone             |     9 |    61 |    17 |     4 ||    91
 Cast: Shock             |    58 |    43 |   200 |   143 ||   444
       Static Discharge  |       |       |    18 |    35 ||    53
       Lightning Bolt    |       |       |       |    15 ||    15
       Blink             |       |       |       |     1 ||     1
       Swiftness         |       |       |       |     1 ||     1
 Abil: Fly               |       |       |       |     1 ||     1
  Use: Scroll            |       |    11 |     2 |     3 ||    16
       Potion            |       |     2 |     3 |       ||     5
 Stab: Invisible         |       |     1 |       |       ||     1
  Eat: Chunk             |     4 |     6 |    10 |    13 ||    33
       Ration            |       |       |     1 |       ||     1
Armor: Robe              |     2 |       |       |       ||     2
       Ring mail         |       |    35 |    53 |       ||    88
       Leather armour    |       |       |     3 |    24 ||    27
Dodge: Dodged            |     5 |    36 |    65 |    90 ||   196
       Deflected         |       |       |       |     1 ||     1

Table legend:
 A = Spawn XP
 B = Non-spawn XP
 C = Spawn XP percentage of total XP
 D = Spawn monster count
 E = Non-spawn monster count
 F = Spawn count percentage of total count
 G = Total turns spent on level
                    A         B        C        D         E        F      G
               +---------+---------+-------+---------+---------+-------+---------
         Total |       0 |    9832 |   0.0 |       0 |     208 |   0.0 | 10629
               +---------+---------+-------+---------+---------+-------+---------
           D:1 |       0 |      24 |   0.0 |       0 |      14 |   0.0 |   871
           D:2 |       0 |      36 |   0.0 |       0 |      13 |   0.0 |   972
           D:3 |       0 |     116 |   0.0 |       0 |      26 |   0.0 |  1012
           D:4 |       0 |     458 |   0.0 |       0 |      22 |   0.0 |  1552
           D:5 |       0 |     498 |   0.0 |       0 |      19 |   0.0 |  1020
           D:6 |       0 |     326 |   0.0 |       0 |       7 |   0.0 |   621
           D:7 |       0 |    2435 |   0.0 |       0 |      18 |   0.0 |  1398
           D:8 |       0 |    2018 |   0.0 |       0 |      57 |   0.0 |  1867
           D:9 |       0 |    3921 |   0.0 |       0 |      32 |   0.0 |  1316
               +---------+---------+-------+---------+---------+-------+---------
